 Dungeon Crawl Stone Soup version 0.13-a0-1536-gedae9ec (webtiles) character file.

841 Kae the Ruinous (level 7, 0/36 HPs)
             Began as a Deep Elf Ice Elementalist on June 9, 2013.
             Slain by Kae's ghost (3 damage)
             ... in a sewer.
             The game lasted 00:06:23 (3670 turns).

Kae the Ruinous (Deep Elf Ice Elementalist)         Turns: 3670, Time: 00:06:23

HP   0/36        AC  2     Str  7      XL: 7   Next: 33%
MP  20/22        EV 18     Int 25      God:
Gold 165         SH  0     Dex 20      Spells:  2 memorised, 14 levels left

Res.Fire  : . . .   See Invis. : .   D - +2 whip (flame)
Res.Cold  : . . .   Warding    : .   a - +0 elf robe
Life Prot.: . . .   Conserve   : .   (no shield)
Res.Poison: .       Res.Corr.  : .   (no helmet)
Res.Elec. : .       Clarity    : .   (no cloak)
Sust.Abil.: . .     Spirit.Shd : .   (no gloves)
Res.Mut.  : .       Stasis     : .   (no boots)
Res.Rott. : .       Flight     : .   (no amulet)
Saprovore : . . .                    (no ring)
                                     (no ring)

@: brilliant, agile, slightly resistant to hostile enchantments, quite stealthy
A: no striking features
a: no special abilities


You were in a sewer.
You were very hungry.

You visited 1 branch of the dungeon, and saw 4 of its levels.
You also visited: Sewer.

You collected 145 gold pieces.

Inventory:

Hand weapons
 s - a +2,+3 dagger of draining (quivered)
 D - a +2,+2 whip of flaming (weapon)
Armour
 a - a +0 elven robe (worn)
Magical devices
 p - a wand of frost (18) {unknown}
 A - a wand of random effects (14) {unknown}
Comestibles
 c - 2 bread rations
 w - a meat ration
 F - a rotting chunk of worker ant flesh
Scrolls
 e - 2 scrolls of curse jewellery {unknown}
 f - a scroll of enchant weapon II {unknown}
 i - 4 scrolls of teleportation {unknown}
 j - 2 scrolls of recharging {unknown}
 k - a scroll of fear {unknown}
 l - a scroll of enchant armour {unknown}
 n - a scroll of curse armour {unknown}
 q - a scroll of magic mapping {unknown}
 r - a scroll of enchant weapon I {unknown}
 u - a scroll of noise {unknown}
 y - 2 scrolls of remove curse {unknown}
 E - a scroll of curse weapon {unknown}
Jewellery
 m - an uncursed ring of sustenance {unknown}
 v - a cursed ring of hunger {unknown}
Potions
 g - a potion of paralysis {unknown}
 o - a potion of resistance {unknown}
 x - a potion of speed {unknown}
 B - a potion of heal wounds {unknown}
Books
 b - a book of Frost

   Spells                             Type                      Level
   *Freeze                            Ice                          1
   *Throw Frost                       Conjuration/Ice              2
   Ozocubu's Armour                   Charms/Ice                   3
   Throw Icicle                       Conjuration/Ice              4
   Summon Ice Beast                   Ice/Summoning                4
   Condensation Shield                Ice                          4


   Skills:
 - Level 2.4 Dodging
 - Level 2.4 Stealth
 + Level 5.6 Spellcasting
 * Level 5.8 Conjurations
 + Level 5.5 Ice Magic


You had 14 spell levels left.
You knew the following spells:

 Your Spells              Type           Power        Failure   Level  Hunger
a - Freeze                Ice            ####         1%          1    None
b - Throw Frost           Conj/Ice       ######       1%          2    None


Dungeon Overview and Level Annotations

Branches:
Dungeon (4/27)
 Temple: D:4-7

Altars:

Annotations
D:3 Kae's ghost, average SpEn Sewer Kae's ghost, average CeHu


Message History

It has a very clean taste.
It was a potion of cure mutation.
Kae's ghost closely misses you. Kae's ghost hits you.
* * * LOW HITPOINT WARNING * * *
Drink which item? (? for menu, Esc to quit)
You feel better.
It was a potion of curing.
Kae's ghost barely misses you.
Drink which item? (? for menu, Esc to quit)
Okay, then.
Casting: Throw Frost
Confirm with . or Enter, or press ? or * to list all spells.
Aiming: Throw Frost
Press: ? - help, Shift-Dir - straight line, f/p - Kae's ghost
Aim: Kae's ghost (moderately damaged)
The puff of frost hits Kae's ghost.
Kae's ghost is heavily damaged.
Kae's ghost hits you.
* * * LOW HITPOINT WARNING * * *
Drink which item? (? for menu, Esc to quit)
You feel more agile all of a sudden.
It was a potion of agility.
Kae's ghost hits you.
You die... ################ #@p%.∩.∩......≈≈ ################

You could see Kae's ghost.

Vanquished Creatures
  Pikel (D:3)
  A slave (D:3)
  2 worker ants
  7 adders
  2 gnolls (D:1)
  A green rat (Sewer)
  A giant gecko (D:2)
  3 orcs (D:3)
  4 ball pythons
  3 giant cockroaches
  7 goblins
  4 hobgoblins
  6 jackals (D:3)
  A quokka (D:3)
  11 bats
  4 giant newts
  11 kobolds
  15 rats
84 creatures vanquished.

Vanquished Creatures (others)
  2 goblins
  A hobgoblin (D:4)
3 creatures vanquished.

Grand Total: 87 creatures vanquished

Notes
Turn   | Place    | Note
--------------------------------------------------------------
     0 | D:1      | Kae, the Deep Elf Ice Elementalist, began the quest for the Orb.
     0 | D:1      | Reached XP level 1. HP: 10/10 MP: 4/4
    93 | D:1      | Reached XP level 2. HP: 12/15 MP: 5/7
   253 | D:1      | Reached skill level 4 in Ice Magic
   302 | D:1      | Learned a level 2 spell: Throw Frost
   308 | D:1      | Reached XP level 3. HP: 13/19 MP: 8/10
  1233 | D:2      | Reached XP level 4. HP: 24/24 MP: 13/13
  1876 | D:3      | Noticed Kae's ghost (average SpEn)
  2311 | D:3      | Reached XP level 5. HP: 19/28 MP: 12/17
  2479 | D:3      | HP: 1/28 [poisoned by an adder]
  3223 | D:4      | Noticed a slave
  3224 | D:4      | Noticed a slave
  3225 | D:4      | Noticed Pikel
  3226 | D:4      | Noticed a slave
  3226 | D:4      | Noticed a slave
  3258 | D:3      | Killed a slave
  3301 | D:3      | Killed Pikel
  3301 | D:3      | Reached skill level 5 in Spellcasting
  3301 | D:3      | Reached skill level 5 in Conjurations
  3301 | D:3      | Reached skill level 5 in Ice Magic
  3301 | D:3      | Reached XP level 6. HP: 22/32 MP: 13/20
  3301 | D:3      | Reached XP level 7. HP: 24/36 MP: 14/22
  3587 | D:4      | Found a glowing drain.
  3602 | Sewer    | Entered a sewer
  3654 | Sewer    | Noticed Kae's ghost (average CeHu)
  3670 | Sewer    | Slain by Kae's ghost

Action                   |  1- 3 |  4- 6 |  7- 9 || total
-------------------------+-------+-------+-------++-------
Melee: Unarmed           |    24 |       |       ||    24
       Dagger            |     2 |    42 |       ||    44
       Whip              |       |       |    10 ||    10
 Cast: Freeze            |    47 |    49 |    16 ||   112
       Throw Frost       |       |     2 |     2 ||     4
  Use: Potion            |       |       |     5 ||     5
       Scroll            |       |       |     1 ||     1
 Stab: Distracted        |     1 |       |       ||     1
       Sleeping          |       |     1 |       ||     1
